AoeStats
← domiknocker

African Clearing

510508612Analyzed
4v4 RM · 1d ago on Oct 1, 2026· 47m 55s· 8 players
Game mode
Random Map
Map size
Large (8 player)
Population
200
Speed
Normal
Resources
Standard
Victory
Conquest
Starting age
Dark Age
Ending age
Imperial Age
RankedLock teamsTeams togetherTeam positionsShared explorationLock speedFull tech treeHidden civsTurbo modeCheats
Victory
Defeat
🇦🇺 Mongols · Australia
1025
+15
🇹🇷 Persians · Türkiye
951
+18
🇳🇴 Jurchens · Norway
948
+18
🇭🇷 Bulgarians · Croatia
933
+19
🇧🇪 Burgundians · Belgium
1066
-20
1001
-18
🇹🇼 Mongols · Taiwan
955
-16
🇮🇹 Bohemians · Italy
949
-16
Saeer
4:38 Loom
13:55 Wheelbarrow
14:06 Wheelbarrow
15:39 Feudal Age
16:42 Wheelbarrow
16:56 Town Watch
17:17 Double-Bit Axe
18:18 Arson
19:40 Fletching
20:02 Forging
26:51 Gold Mining
28:51 Hand Cart
29:36 Bow Saw
36:08 Castle Age
34:27 Stone Mining
37:23 Bodkin Arrow
38:03 Iron Casting
37:30 Scale Mail Armor
39:14 Town Patrol
39:51 Husbandry
39:11 Cavalier
45:18 Gold Shaft Mining
45:28 Treadmill Crane
小琰
15:36 Feudal Age
17:46 Double-Bit Axe
20:48 Castle Age
29:06 Wheelbarrow
28:42 Bow Saw
28:15 Horse Collar
35:37 Loom
36:34 Heavy Plow
41:40 Imperial Age
39:56 Ballistics
40:38 Hand Cart
40:09 Town Watch
42:48 Conscription
43:36 Chemistry
42:43 Siege Engineers
43:22 Wagenburg Tactics
42:50 Elite Skirmisher
43:29 Murder Holes
43:28 Arson
43:43 Squires
43:56 Pikeman
44:32 Halberdier
Dark_Knight
4:16 Loom
12:06 Feudal Age
13:54 Double-Bit Axe
16:41 Castle Age
14:26 Horse Collar
17:46 Bow Saw
19:04 Stone Mining
20:38 Stone Shaft Mining
23:34 Gold Mining
23:37 Fletching
24:56 Gold Shaft Mining
26:44 Padded Archer Armor
26:34 Fletching
27:39 Town Watch
31:02 Imperial Age
30:20 Husbandry
30:31 Bloodlines
33:38 Nomads
35:42 Drill
36:44 Scale Barding Armor
38:10 Chain Barding Armor
38:00 Forging
38:30 Conscription
38:33 Ballistics
38:30 Leather Archer Armor
38:16 Scale Mail Armor
39:07 Capped Ram
41:09 Chemistry
40:40 Masonry
40:42 Siege Engineers
40:13 Light Cavalry
41:06 Murder Holes
42:06 Wheelbarrow
41:44 Hussar
43:58 Iron Casting
43:18 Bodkin Arrow
45:53 Blast Furnace
45:35 Bracer
唐尚书右丞王维
4:14 Loom
16:04 Feudal Age
20:15 Castle Age
22:31 Double-Bit Axe
23:37 Wheelbarrow
26:11 Hand Cart
26:26 Husbandry
27:09 Horse Collar
28:42 Gold Mining
30:06 Bow Saw
34:09 Imperial Age
31:49 Fletching
32:23 Padded Archer Armor
32:29 Heavy Plow
32:43 Bodkin Arrow
33:50 Ballistics
33:46 Thumb Ring
35:01 Bloodlines
35:57 Chemistry
35:29 Bracer
35:45 Forging
36:26 Scale Barding Armor
37:23 Leather Archer Armor
37:28 Heavy Cavalry Archer
38:24 Light Cavalry
40:12 Two-Man Saw
41:10 Chain Barding Armor
42:29 Plate Barding Armor
44:21 Iron Casting
44:41 Ring Archer Armor
Dankissimo
5:02 Loom
15:21 Feudal Age
15:59 Double-Bit Axe
20:28 Castle Age
18:35 Horse Collar
21:43 Husbandry
21:55 Bloodlines
21:48 Husbandry
35:50 Wheelbarrow
35:40 Town Watch
38:40 Imperial Age
36:24 Forging
36:20 Scale Barding Armor
36:26 Gold Mining
36:47 Bow Saw
37:41 Hand Cart
37:27 Town Patrol
37:44 Heavy Plow
39:21 Iron Casting
39:06 Chain Barding Armor
38:20 Cavalier
39:27 Conscription
40:40 Chemistry
40:48 Blast Furnace
40:53 Savar
43:00 Plate Barding Armor
43:24 Gold Shaft Mining
42:21 Elite Skirmisher
43:07 Thumb Ring
42:54 Fletching
43:05 Padded Archer Armor
44:30 Two-Man Saw
45:17 Ballistics
44:57 Bodkin Arrow
45:18 Leather Archer Armor
47:51 Ring Archer Armor
sheya1
13:33 Loom
19:10 Feudal Age
19:40 Horse Collar
19:48 Double-Bit Axe
20:46 Gold Mining
25:38 Castle Age
24:49 Stone Mining
28:56 Wheelbarrow
28:51 Bow Saw
29:40 Gold Shaft Mining
29:31 Forging
29:23 Scale Mail Armor
30:21 Gambesons
32:01 Squires
32:25 Arson
33:05 Chain Mail Armor
33:29 Iron Casting
33:40 Hand Cart
34:52 Stone Shaft Mining
37:15 Town Watch
38:12 Caravan
38:25 Heavy Plow
39:15 Town Patrol
48:40 Imperial Age
Warmommy
5:10 Loom
14:26 Feudal Age
15:13 Double-Bit Axe
15:21 Gold Mining
17:18 Stone Mining
19:13 Bloodlines
19:35 Forging
20:21 Horse Collar
22:57 Town Watch
25:45 Castle Age
25:12 Wheelbarrow
24:32 Fletching
26:54 Bow Saw
26:46 Heavy Plow
28:10 Stone Shaft Mining
29:10 Hand Cart
28:52 Elite Skirmisher
33:04 Gold Shaft Mining
34:18 Padded Archer Armor
35:02 Bodkin Arrow
37:08 Town Patrol
38:04 Fortified Bastions
37:54 Pikeman
38:35 Squires
38:21 Arson
40:12 Scale Mail Armor
48:55 Imperial Age
domiknocker
6:01 Loom
17:35 Feudal Age
22:16 Fletching
23:24 Padded Archer Armor
30:44 Castle Age
30:50 Castle Age
28:42 Double-Bit Axe
29:41 Gold Mining
32:24 Wheelbarrow
33:32 Gold Shaft Mining
33:16 Town Watch
34:31 Thumb Ring
39:12 Ballistics
38:49 Bodkin Arrow
41:40 Murder Holes
43:09 Hand Cart
50:24 Imperial Age
Connection lost

Rejoining the realm…

Still unreachable

The connection could not be restored.

Session expired

The server has moved on; the page needs a fresh start.